Map: Orbital Shipyard

Players

BKaye - Winner!

  • Race: Protoss Protoss
  • League: Silver

LilDicky

  • Race: Zerg Zerg
  • League: Diamond

VOD

http://www.twitch.tv/tumescentpie

Description

Time

  • Played on: Dec. 15, 2015, 9:24 p.m.
  • Length: 3:11
Show
View Real Time Build Order
Export as new Build Order

BKaye Protoss - Winner!

Build Orders:  

Get SALT Encoding   

  12  0:01  Probe (Chrono Boost)  
  13  0:12  Probe (Chrono Boost)  
  14  0:21  Pylon  
  14  0:24  Probe (Chrono Boost)  
  15  0:39  Probe (Chrono Boost)  
  16  0:46  Gateway  
  16  0:50  Probe (Chrono Boost)  
  16  0:52  Assimilator  
  17  1:00  Probe (Chrono Boost)  
  18  1:06  Pylon  
  17  1:23  Probe (Chrono Boost)  
  9  1:33  Probe (Chrono Boost), Zealot (Chrono Boost)  
  10  1:45  Probe  
  10  1:57  Probe (Chrono Boost)  
  11  2:14  Zealot  
  13  2:18  Probe (Chrono Boost)  
  14  2:28  Probe (Chrono Boost)  
  15  2:39  Probe (Chrono Boost)  
Show
View Real Time Build Order
Export as new Build Order

LilDicky Zerg 

Build Orders:  

Get SALT Encoding   

  12  0:02  Drone  
  13  0:11  Drone  
  14  0:20  Extractor  
  13  0:21  Drone, Extractor  
  13  0:22  Drone  
  16  0:43  Overlord  
  16  1:02  Drone  
  12  1:38  Drone  
  3  2:00  Drone  
  4  2:16  Drone  
  5  2:28  Drone  
  6  2:39  Drone  
Tags
 
Add a new tag
Caveats
  • Supply blocks, unpowered buildings, or Contaminate may cause inaccurate times.
  • Supply counts are checked every 10 seconds.